[Event "Czech open A"]
[Site "?"]
[Date "2013.07.25"]
[Round "7.89"]
[White "Tate, Alan"]
[Black "Kratochvil, Karel"]
[Result "1-0"]
[ECO "A04"]
[WhiteElo "2277"]
[BlackElo "2195"]
[PlyCount "119"]
[EventDate "2013.??.??"]
[TimeControl "6000+755"]
[WhiteClock "0:11:40"]
[BlackClock "0:47:29"]

1. Nf3 g6 2. d4 c5 3. d5 Nf6 4. Nc3 d6 5. e4 Bg7 6. Bb5+ Nbd7 7. a4 O-O 8. O-O
a6 9. Be2 b6 10. Nd2 Rb8 11. Re1 Ne8 12. Nc4 Ne5 13. Ne3 f5 14. f4 Nd7 15. exf5
gxf5 16. Bd3 Bd4 17. Kh1 Ng7 18. Ne2 Nf6 19. Nxd4 cxd4 20. Nf1 Bb7 21. Bc4 b5
22. axb5 axb5 23. Bb3 Qb6 24. c3 Bxd5 25. Rxe7 Rfe8 26. Bxd5+ Nxd5 27. Rxe8+
Rxe8 28. Qb3 Qc6 29. Bd2 Qc4 30. Qxc4 bxc4 31. cxd4 Re4 32. Ra6 Ne8 33. g3 Rxd4
34. Kg2 Nef6 35. Kf3 Ne4 36. Ke2 Ndf6 37. Be1 Rd3 38. Ne3 Rb3 39. Ra2 d5 40.
Nxf5 Kf7 41. Nd4 Rd3 42. Nf3 Ng4 43. Ra3 Rxa3 44. bxa3 Ke6 45. h3 Ngf6 46. g4
Nd7 47. Bb4 h5 48. Ke3 c3 49. g5 Nb6 50. Nd4+ Kf7 51. h4 Nc4+ 52. Kd3 Nf2+ 53.
Kxc3 Nh3 54. f5 Ne3 55. Kd3 Ng2 56. Nf3 Nxh4 57. Nxh4 Nxg5 58. Kd4 Kf6 59. Kxd5
Nf7 60. Bd2 1-0

[Event "Czech open A"]
[Site "?"]
[Date "2013.07.25"]
[Round "7.90"]
[White "Stanetzek, Carsten"]
[Black "Grigorian, Spartak"]
[Result "0-1"]
[ECO "B52"]
[WhiteElo "2274"]
[BlackElo "2131"]
[PlyCount "147"]
[EventDate "2013.??.??"]
[TimeControl "6000+700"]
[WhiteClock "0:03:52"]
[BlackClock "0:22:17"]

1. e4 c5 2. Nf3 d6 3. Bb5+ Bd7 4. Bxd7+ Qxd7 5. d4 cxd4 6. Qxd4 Nc6 7. Qd3 g6
8. O-O Bg7 9. Rd1 Rc8 10. Qe2 Qc7 11. c3 Nf6 12. Na3 O-O 13. Bf4 Nh5 14. Be3
Nf6 15. Bf4 Nh5 16. Bg5 h6 17. Bh4 Ne5 18. Nxe5 Bxe5 19. Nb5 Nf4 20. Qf1 Qd7
21. f3 a6 22. Nd4 g5 23. Bf2 e6 24. a4 Qe7 25. Kh1 Qf6 26. Be3 h5 27. g3 Ng6
28. Ne2 Rc4 29. Qg2 Qe7 30. f4 Bf6 31. a5 g4 32. Rd3 Qc7 33. Nd4 Re8 34. Rd2
Bg7 35. Bg1 Rc5 36. Nb3 Rc6 37. Bb6 Qe7 38. Nd4 Bxd4 39. cxd4 Rec8 40. Qe2 Nf8
41. h3 Rc1+ 42. Rxc1 Rxc1+ 43. Kh2 Ng6 44. Rd1 Rxd1 45. Qxd1 f5 46. Qe2 h4 47.
exf5 hxg3+ 48. Kg1 exf5 49. Qxe7 Nxe7 50. hxg4 fxg4 51. Kg2 Nf5 52. d5 Kf7 53.
Bd8 Kg6 54. Bb6 Ne7 55. Bc7 Nxd5 56. Bxd6 Kf5 57. Kxg3 Nf6 58. Kh4 Nd5 59. Kg3
Ne3 60. Be5 Nc2 61. Bc3 Na1 62. Be5 Nb3 63. Bc3 Nc1 64. Be5 Ne2+ 65. Kf2 Nxf4
66. Bg7 Ke4 67. Bh8 Nh5 68. Bc3 g3+ 69. Kg2 Kf4 70. Bh8 Kg4 71. Be5 Nf4+ 72.
Kg1 Kf3 73. Bxf4 Kxf4 74. Kg2 0-1

[Event "Czech open A"]
[Site "?"]
[Date "2013.07.25"]
[Round "7.91"]
[White "Kyas, Philipp"]
[Black "Le Ruyet, Leopold"]
[Result "0-1"]
[ECO "D32"]
[WhiteElo "2036"]
[BlackElo "2273"]
[PlyCount "52"]
[EventDate "2013.??.??"]
[TimeControl "6000+820"]
[WhiteClock "0:16:21"]
[BlackClock "0:46:05"]

1. d4 d5 2. c4 e6 3. Nc3 c5 4. e3 Nf6 5. Nf3 Nc6 6. Be2 dxc4 7. Bxc4 a6 8. Bb3
cxd4 9. exd4 Be7 10. O-O O-O 11. Bf4 Nb4 12. Rc1 Nbd5 13. Nxd5 Nxd5 14. Bxd5
Qxd5 15. Rc7 Bd8 16. Rc5 Qxa2 17. Qc2 Bd7 18. Bd6 Re8 19. Re1 Bf6 20. Rh5 h6
21. Be5 Bxe5 22. Nxe5 Qd5 23. Qc7 Red8 24. Nxf7 Qxh5 25. Nxd8 Qd5 26. Nxb7 Bc6
0-1

[Event "Czech open A"]
[Site "?"]
[Date "2013.07.25"]
[Round "7.92"]
[White "Poloch, Petr"]
[Black "Kearns, Christopher"]
[Result "1/2-1/2"]
[ECO "A17"]
[WhiteElo "2272"]
[BlackElo "2129"]
[PlyCount "29"]
[EventDate "2013.??.??"]
[TimeControl "6000+1725"]
[WhiteClock "0:51:30"]
[BlackClock "0:50:37"]

1. Nf3 Nf6 2. c4 e6 3. Nc3 Bb4 4. g3 O-O 5. Bg2 d5 6. d4 c5 7. O-O cxd4 8. Nxd4
dxc4 9. a3 Bxc3 10. bxc3 Nd5 11. Qc2 Qa5 12. e4 Nb6 13. a4 Bd7 14. Ba3 Bc8 15.
Bc1 1/2-1/2

[Event "Czech open A"]
[Site "?"]
[Date "2013.07.26"]
[Round "8.45"]
[White "Jacko-Jun., Vladimir"]
[Black "Mammadov, Zaur"]
[Result "0-1"]
[ECO "B01"]
[WhiteElo "2271"]
[BlackElo "2437"]
[PlyCount "92"]
[EventDate "2013.??.??"]
[TimeControl "6000+1410"]
[WhiteClock "0:34:00"]
[BlackClock "0:53:49"]

1. e4 d5 2. exd5 Nf6 3. Nf3 Qxd5 4. Nc3 Qd6 5. d4 a6 6. g3 g6 7. Bg2 Bg7 8. O-O
O-O 9. h3 Nc6 10. Bf4 Qd8 11. Qd2 Re8 12. Rad1 Nb4 13. Bh6 c6 14. Ne2 Ne4 15.
Qxb4 Bxh6 16. Ne5 a5 17. Qb3 Nd6 18. a4 Be6 19. c4 Qc8 20. Kh2 f6 21. Ng4 Bxc4
22. Nxh6+ Kg7 23. Qe3 Bxe2 24. Qxe2 Kxh6 25. d5 c5 26. Rfe1 Kg7 27. Qc2 Qc7 28.
Re6 Rad8 29. Rde1 Nf5 30. Qe4 Rd6 31. Bf1 Rxe6 32. Qxe6 Nd4 33. Qe4 Qe5 34. Kg2
Qxe4+ 35. Rxe4 f5 36. Re5 Kf6 37. f4 Rd8 38. Bc4 Rd6 39. g4 g5 40. Kg3 Rb6 41.
b3 Rb4 42. gxf5 gxf4+ 43. Kxf4 Nxb3 44. Re6+ Kf7 45. Re4 Nd2 46. d6+ Rxc4 0-1

[Event "Czech open A"]
[Site "?"]
[Date "2013.07.26"]
[Round "8.46"]
[White "Plischki, Sebastian"]
[Black "Mueer, Sebastian"]
[Result "1-0"]
[ECO "A46"]
[WhiteElo "2413"]
[BlackElo "2202"]
[PlyCount "41"]
[EventDate "2013.??.??"]
[TimeControl "6000+680"]
[WhiteClock "0:56:29"]
[BlackClock "0:25:49"]

1. d4 Nf6 2. Nf3 e6 3. g3 c5 4. Bg2 Nc6 5. O-O cxd4 6. Nxd4 Bc5 7. Nb3 Be7 8.
c4 O-O 9. Nc3 d6 10. Bf4 a6 11. Rc1 Re8 12. Qd2 Nh5 13. Be3 Ne5 14. Na4 Nd7 15.
Rfd1 Rb8 16. Na5 Nc5 17. Nxc5 dxc5 18. Qxd8 Bxd8 19. Nb3 b6 20. Bc6 Rf8 21. Bf3
1-0

[Event "Czech open A"]
[Site "?"]
[Date "2013.07.26"]
[Round "8.47"]
[White "Postupa, Pavel"]
[Black "Rojicek, Vojtech"]
[Result "0-1"]
[ECO "C95"]
[WhiteElo "2229"]
[BlackElo "2413"]
[PlyCount "122"]
[EventDate "2013.??.??"]
[TimeControl "6000+720"]
[WhiteClock "0:03:07"]
[BlackClock "0:25:54"]

1. e4 e5 2. Nf3 Nc6 3. Bb5 a6 4. Ba4 Nf6 5. O-O Be7 6. Re1 b5 7. Bb3 d6 8. c3
O-O 9. h3 Nb8 10. d4 Nbd7 11. Nbd2 Bb7 12. Bc2 Re8 13. Nf1 Bf8 14. d5 c6 15.
dxc6 Bxc6 16. N3h2 Nc5 17. Bg5 h6 18. Bxf6 Qxf6 19. b4 Ne6 20. Ng4 Qg5 21. Ng3
Nf4 22. Ne3 h5 23. Qf3 g6 24. Bb3 Rac8 25. Kh2 Qe7 26. Rad1 Qb7 27. Nd5 Bxd5
28. Bxd5 Nxd5 29. Rxd5 Rc4 30. Re3 Rec8 31. Red3 h4 32. Ne2 f5 33. Rd1 Rxe4 34.
Qd3 Qc6 35. f3 Rc4 36. a4 bxa4 37. Ra5 Kh7 38. Ra1 e4 39. Qe3 exf3 40. gxf3 Re8
41. Qf2 d5 42. R5xa4 Rxe2 43. Qxe2 Rxc3 44. Rxa6 Rc2 45. Rxc6 Rxe2+ 46. Kh1
Bxb4 47. Ra7+ Kh6 48. f4 Re3 49. Kh2 Bd2 50. Raa6 Rg3 51. Ra4 Be3 52. Rc7 Rf3
53. Kg2 Rf2+ 54. Kh1 d4 55. Re7 Rxf4 56. Re6 Rf3 57. Kg2 Rg3+ 58. Kh2 Kh5 59.
Raa6 Bf4 60. Rac6 d3 61. Red6 d2 0-1

[Event "Czech open A"]
[Site "?"]
[Date "2013.07.26"]
[Round "8.48"]
[White "Hampel, Felix"]
[Black "Ponizil, Cyril"]
[Result "0-1"]
[ECO "A57"]
[WhiteElo "2121"]
[BlackElo "2402"]
[PlyCount "62"]
[EventDate "2013.??.??"]
[TimeControl "6000+1345"]
[WhiteClock "0:03:14"]
[BlackClock "0:38:16"]

1. d4 Nf6 2. c4 c5 3. d5 b5 4. Nf3 bxc4 5. Nc3 g6 6. e4 d6 7. Bxc4 Bg7 8. e5
dxe5 9. Nxe5 O-O 10. O-O Nfd7 11. Nxf7 Rxf7 12. d6 Nb6 13. Bxf7+ Kxf7 14. Qf3+
Bf6 15. Bf4 Qd7 16. dxe7 Bb7 17. Qg3 Nc6 18. Bg5 Bxg5 19. Qxg5 Qxe7 20. Qh6 Kg8
21. Rae1 Qf8 22. Qh3 Nd4 23. Re3 Nf5 24. Re5 Nc4 25. Re2 Nd4 26. Re3 Qf7 27. b3
Nd6 28. Rfe1 Rf8 29. Nd1 Bc8 30. Qh4 N6f5 31. Re7 Nxh4 0-1

[Event "Czech open A"]
[Site "?"]
[Date "2013.07.26"]
[Round "8.49"]
[White "Harika, Dronavalli"]
[Black "Kireev, Aleksei"]
[Result "1-0"]
[ECO "A04"]
[WhiteElo "2489"]
[BlackElo "2310"]
[PlyCount "49"]
[EventDate "2013.??.??"]
[TimeControl "6000+1185"]
[WhiteClock "0:20:10"]
[BlackClock "0:18:11"]

1. Nf3 g6 2. d4 Bg7 3. g3 d6 4. c4 e5 5. Nc3 Nd7 6. Bg2 f6 7. O-O Nh6 8. c5
exd4 9. Nxd4 Nxc5 10. b4 Na6 11. Qb3 Qd7 12. Nd5 Nf7 13. Qe3+ Kf8 14. Ba3 c6
15. b5 Nb8 16. bxc6 bxc6 17. Rac1 c5 18. Rxc5 dxc5 19. Bxc5+ Nd6 20. Nc7 Kg8
21. Bxd6 h5 22. Bf4 g5 23. Bd5+ Kh7 24. Be4+ Kh6 25. Nce6 1-0

[Event "Czech open A"]
[Site "?"]
[Date "2013.07.26"]
[Round "8.50"]
[White "Toth, Ervin"]
[Black "Musaev, Rasul"]
[Result "1/2-1/2"]
[ECO "E91"]
[WhiteElo "2471"]
[BlackElo "2300"]
[PlyCount "91"]
[EventDate "2013.??.??"]
[TimeControl "6000+825"]
[WhiteClock "0:59:17"]
[BlackClock "0:37:22"]

1. d4 Nf6 2. c4 g6 3. Nc3 Bg7 4. e4 d6 5. Nf3 O-O 6. Be2 Qe8 7. O-O e5 8. dxe5
dxe5 9. Be3 Qe7 10. Nd5 Nxd5 11. cxd5 b6 12. Rc1 Bb7 13. Qa4 Qd6 14. Rfd1 Rc8
15. Bb5 a5 16. a3 f5 17. g3 h6 18. Bc6 Bxc6 19. dxc6 Qe6 20. b4 f4 21. Bd2 Rf8
22. Kg2 fxg3 23. hxg3 Qf7 24. Rc3 axb4 25. Qxb4 Nxc6 26. Qc4 Qxc4 27. Rxc4 Rxa3
28. Rxc6 Raxf3 29. Bf4 Ra3 30. Be3 Rf7 31. Rxg6 Kh7 32. Rc6 Ra4 33. Rdc1 Rxe4
34. Rxc7 Rxc7 35. Rxc7 Rb4 36. Rb7 Kg6 37. Kf3 h5 38. Bd2 Rb2 39. Rd7 Bf6 40.
Ke4 Rc2 41. Be3 Rc4+ 42. Kd5 b5 43. Rb7 Rc8 44. Ke4 Rc4+ 45. Kd5 Rc8 46. Ke4
1/2-1/2

[Event "Czech open A"]
[Site "?"]
[Date "2013.07.26"]
[Round "8.51"]
[White "Kovalev, Andrei"]
[Black "Vlasak, Lukas"]
[Result "1-0"]
[ECO "B31"]
[WhiteElo "2470"]
[BlackElo "2296"]
[PlyCount "47"]
[EventDate "2013.??.??"]
[TimeControl "6000+780"]
[WhiteClock "0:54:12"]
[BlackClock "0:24:06"]

1. e4 c5 2. Nf3 Nc6 3. Bb5 g6 4. O-O Bg7 5. Re1 Nf6 6. h3 O-O 7. c3 d5 8. e5
Ne8 9. d4 cxd4 10. cxd4 Bd7 11. Nc3 Nc7 12. Bf1 b5 13. Be3 Na5 14. b3 Rc8 15.
Qd2 b4 16. Ne2 Nc6 17. Nf4 a5 18. Rac1 Na7 19. Rc5 Bb5 20. Rec1 Qd7 21. Qc2 Ne6
22. Nxe6 fxe6 23. Bxb5 Qxb5 24. Rxc8 1-0

[Event "Czech open A"]
[Site "?"]
[Date "2013.07.26"]
[Round "8.52"]
[White "Meissner, Felix"]
[Black "Sochacki, Christophe"]
[Result "1-0"]
[ECO "B75"]
[WhiteElo "2285"]
[BlackElo "2459"]
[PlyCount "51"]
[EventDate "2013.??.??"]
[TimeControl "6000+1005"]
[WhiteClock "0:33:31"]
[BlackClock "0:17:45"]

1. e4 c5 2. Nf3 d6 3. d4 cxd4 4. Nxd4 Nf6 5. Nc3 g6 6. Be3 Bg7 7. f3 Nc6 8. Qd2
O-O 9. g4 Be6 10. Nxe6 fxe6 11. O-O-O Ne5 12. Be2 Qc8 13. h4 Nfd7 14. h5 Nxf3
15. Nd5 Qe8 16. Bxf3 exd5 17. Be2 dxe4 18. Qd5+ Qf7 19. hxg6 hxg6 20. Bc4 Nf6
21. Qxf7+ Rxf7 22. Be6 Kf8 23. Rdf1 g5 24. Bxg5 Ke8 25. Bd2 Rf8 26. Bc3 1-0

[Event "Czech open A"]
[Site "?"]
[Date "2013.07.26"]
[Round "8.53"]
[White "Varitski, Igor"]
[Black "Gavrilov, Alexei"]
[Result "0-1"]
[ECO "C01"]
[WhiteElo "2278"]
[BlackElo "2452"]
[PlyCount "82"]
[EventDate "2013.??.??"]
[TimeControl "6000+1485"]
[WhiteClock "0:24:25"]
[BlackClock "0:31:01"]

1. e4 e6 2. d4 d5 3. exd5 exd5 4. Bd3 c5 5. Qe2+ Be6 6. Nf3 Nc6 7. c3 cxd4 8.
Nxd4 Nxd4 9. cxd4 Bd6 10. f4 g6 11. O-O Nh6 12. f5 Nxf5 13. Bxf5 gxf5 14. Bf4
Bxf4 15. Rxf4 Qg5 16. Qf2 O-O 17. Nc3 Rac8 18. Re1 Kh8 19. Re5 Rg8 20. h3 Rc6
21. Kh2 Rb6 22. Na4 Ra6 23. Nc3 Rb6 24. Na4 Ra6 25. Nc3 Rd6 26. Rg4 Qd8 27. Rh4
Qf6 28. Rf4 Qh6 29. Rh4 Qf6 30. Rf4 Qg6 31. Re2 Qh6 32. Rh4 Qg5 33. Rf4 Bd7 34.
Re5 Rdg6 35. Re2 Qh6 36. Qh4 Qg7 37. Qf2 Be6 38. Nd1 Rg3 39. Ne3 Qg5 40. Rd2
Qh6 41. Ng4 R3xg4 0-1

[Event "Czech open A"]
[Site "?"]
[Date "2013.07.26"]
[Round "8.54"]
[White "Sergeev, Vladimir"]
[Black "Cerveny, Petr"]
[Result "1-0"]
[ECO "A04"]
[WhiteElo "2436"]
[BlackElo "2285"]
[PlyCount "179"]
[EventDate "2013.??.??"]
[TimeControl "6000+1065"]
[WhiteClock "0:03:35"]
[BlackClock "0:00:35"]

1. Nf3 b6 2. d4 Bb7 3. c4 e6 4. a3 f5 5. Nc3 Nf6 6. d5 Na6 7. b4 Bd6 8. e3 c6
9. dxe6 dxe6 10. Bd3 O-O 11. Bb2 c5 12. b5 Nc7 13. Qc2 a6 14. bxa6 Rxa6 15. Rd1
Qa8 16. Be2 Rd8 17. h3 Be7 18. O-O Ne4 19. Nxe4 Bxe4 20. Qc1 Ne8 21. Rxd8 Bxd8
22. Rd1 Be7 23. Ne5 Bf6 24. Bf1 Ra7 25. Rd2 Bc6 26. Nd3 Qb8 27. Nf4 Qc8 28. Nh5
Rd7 29. Nxf6+ Nxf6 30. f3 Rxd2 31. Qxd2 Qd7 32. Qc3 Qd6 33. Kf2 Kf7 34. Be2 Ba4
35. Qe5 Qxe5 36. Bxe5 Nd7 37. Bc7 Bb3 38. g4 Ke7 39. Bd3 h6 40. Ke1 g6 41. Kd2
Ba4 42. h4 fxg4 43. fxg4 g5 44. hxg5 hxg5 45. Be4 Bb3 46. Bd3 Ba4 47. Be2 Bc6
48. Kc3 e5 49. Bd3 e4 50. Bc2 Kf6 51. Bd8+ Kg6 52. Kb3 Bb7 53. Bd1 Bc6 54. a4
Kh6 55. Ka3 Kg6 56. Be2 Kh6 57. Kb3 Kg6 58. Bd1 Kh6 59. Kc3 Kg6 60. Kb3 Kh6 61.
Kc3 Kg6 62. a5 bxa5 63. Bxa5 Kh6 64. Bd8 Kg6 65. Be7 Kh6 66. Kb3 Kg6 67. Ka3
Kh6 68. Ba4 Bxa4 69. Kxa4 Ne5 70. Kb5 Nxg4 71. Bxc5 Kg6 72. Bd4 Nf6 73. c5 g4
74. Be5 Kf5 75. Bh2 Ke6 76. c6 Nd5 77. Ka6 Ne7 78. Kb7 Kd5 79. c7 Ke6 80. c8=Q+
Nxc8 81. Kxc8 Kd5 82. Kd7 Kc4 83. Ke6 Kd3 84. Bg1 Ke2 85. Kf5 Kf3 86. Kg5 Kg3
87. Kf5 Kf3 88. Ke5 Kg2 89. Kf4 g3 90. Kg4 1-0

[Event "Czech open A"]
[Site "?"]
[Date "2013.07.26"]
[Round "8.55"]
[White "Sipila, Vilka"]
[Black "Feldtmann, Thomas"]
[Result "1-0"]
[ECO "B07"]
[WhiteElo "2423"]
[BlackElo "2280"]
[PlyCount "89"]
[EventDate "2013.??.??"]
[TimeControl "6000+870"]
[WhiteClock "1:42:16"]
[BlackClock "0:22:14"]

1. e4 d6 2. d4 Nf6 3. Nc3 c6 4. a4 Qa5 5. Bd2 e5 6. Nf3 Qc7 7. Bc4 Be7 8. O-O
O-O 9. h3 b6 10. d5 Bb7 11. dxc6 Bxc6 12. Qe2 h6 13. Nd5 Nxd5 14. exd5 Bb7 15.
a5 b5 16. Bb3 Ba6 17. Rfe1 Re8 18. c3 Nd7 19. Bc2 Nf6 20. Nh2 Qc4 21. Bd3 Qxd5
22. Ng4 Nxg4 23. Be4 Qc4 24. Qxg4 d5 25. Bxh6 Bf8 26. Re3 Bc8 27. Qg5 f6 28.
Qg6 dxe4 29. Qxe8 Qf7 30. Qxb5 gxh6 31. Rxe4 Bf5 32. Ree1 Kh8 33. Rad1 h5 34.
f4 Qg6 35. fxe5 Bxh3 36. Qc6 Rc8 37. Qxf6+ Qxf6 38. exf6 Bg4 39. Rd5 Kg8 40.
Rb5 a6 41. Rb7 Rc6 42. b4 Rxc3 43. Re8 Rc1+ 44. Kh2 Rc6 45. Rg7+ 1-0

[Event "Czech open A"]
[Site "?"]
[Date "2013.07.26"]
[Round "8.56"]
[White "Kelkar, Abhishek"]
[Black "Mazur, Stefan"]
[Result "0-1"]
[ECO "C84"]
[WhiteElo "2274"]
[BlackElo "2409"]
[PlyCount "72"]
[EventDate "2013.??.??"]
[TimeControl "6000+1365"]
[WhiteClock "0:13:56"]
[BlackClock "0:26:27"]

1. e4 e5 2. Nf3 Nc6 3. Bb5 a6 4. Ba4 Nf6 5. O-O Be7 6. d3 b5 7. Bb3 d6 8. a4
Bd7 9. c3 O-O 10. Re1 Na5 11. Bc2 c5 12. Nbd2 Re8 13. Nf1 h6 14. h3 Bf8 15. Ne3
g6 16. Bd2 c4 17. axb5 axb5 18. d4 exd4 19. Nxd4 Nb7 20. b4 cxb3 21. Rxa8 bxc2
22. Qf3 Qxa8 23. Qxf6 Nc5 24. f3 Be7 25. Qf4 Nd3 26. Qg3 Nxe1 27. Qxe1 Qd8 28.
Ndxc2 Bh4 29. Qd1 Be6 30. Nd4 d5 31. Nxe6 fxe6 32. Qb1 Qb6 33. Kh1 Kh7 34. Ng4
h5 35. Ne5 Ra8 36. Kh2 Qf2 0-1

[Event "Czech open A"]
[Site "?"]
[Date "2013.07.26"]
[Round "8.57"]
[White "Bystrov, Sergej M"]
[Black "Karavade, Eesha"]
[Result "1/2-1/2"]
[ECO "B50"]
[WhiteElo "2273"]
[BlackElo "2398"]
[PlyCount "43"]
[EventDate "2013.??.??"]
[TimeControl "6000+740"]
[WhiteClock "0:39:09"]
[BlackClock "1:06:21"]

1. e4 c5 2. Nf3 d6 3. d4 Nf6 4. Nc3 cxd4 5. Qxd4 Nc6 6. Bb5 Bd7 7. Bxc6 Bxc6 8.
Bg5 e6 9. O-O-O Be7 10. Rhe1 O-O 11. e5 dxe5 12. Qh4 Qc7 13. Nxe5 Rfd8 14. Ng4
Nxg4 15. Bxe7 Qf4+ 16. Kb1 Rxd1+ 17. Rxd1 Qf5 18. h3 Nf6 19. f3 Re8 20. Bxf6
Qxf6 21. Qxf6 gxf6 22. Ne4 1/2-1/2

[Event "Czech open A"]
[Site "?"]
[Date "2013.07.26"]
[Round "8.58"]
[White "Talla, Vladimir"]
[Black "Tate, Alan"]
[Result "1/2-1/2"]
[ECO "D86"]
[WhiteElo "2394"]
[BlackElo "2277"]
[PlyCount "115"]
[EventDate "2013.??.??"]
[TimeControl "6000+995"]
[WhiteClock "0:03:55"]
[BlackClock "0:04:11"]

1. d4 Nf6 2. c4 g6 3. Nc3 d5 4. cxd5 Nxd5 5. e4 Nxc3 6. bxc3 Bg7 7. Bc4 c5 8.
Ne2 Nc6 9. Be3 O-O 10. O-O Qc7 11. Rc1 b6 12. Qd2 Bb7 13. Bh6 Rad8 14. Bxg7
Kxg7 15. Qe3 e5 16. Bd5 Na5 17. dxe5 Bxd5 18. exd5 Rxd5 19. f4 Rfd8 20. Ng3 Nc4
21. Qe2 Nd2 22. Rfe1 c4 23. Qg4 Kh8 24. Qg5 Qc6 25. f5 Qc5+ 26. Kh1 Re8 27. e6
Qe7 28. Qe3 Red8 29. fxg6 hxg6 30. Ne2 Rd3 31. Qh6+ Kg8 32. Nf4 R3d6 33. Re3
Qf6 34. Rce1 fxe6 35. Rg3 Kf7 36. Rxg6 Qh8 37. Qxh8 Rxh8 38. Rgxe6 Rxe6 39.
Nxe6 Rh5 40. Nd4 Ra5 41. g4 Rxa2 42. h4 Rb2 43. h5 Rb1 44. Rxb1 Nxb1 45. Nb5 a5
46. g5 a4 47. Nd6+ Kg8 48. g6 a3 49. h6 a2 50. Ne4 a1=Q 51. Nf6+ Kf8 52. g7+
Ke7 53. g8=Q Nd2+ 54. Kh2 Nf1+ 55. Kg2 Ne3+ 56. Kf3 Qh1+ 57. Kxe3 Qxh6+ 58. Kd4
1/2-1/2

[Event "Czech open A"]
[Site "?"]
[Date "2013.07.26"]
[Round "8.59"]
[White "Le Ruyet, Leopold"]
[Black "Seger, Ruediger"]
[Result "1/2-1/2"]
[ECO "B12"]
[WhiteElo "2273"]
[BlackElo "2393"]
[PlyCount "55"]
[EventDate "2013.??.??"]
[TimeControl "6000+1100"]
[WhiteClock "0:23:07"]
[BlackClock "0:20:33"]

1. e4 c6 2. d4 d5 3. f3 dxe4 4. fxe4 e5 5. Nf3 Bg4 6. c3 Nd7 7. Bc4 Bh5 8. O-O
Ngf6 9. Nbd2 Bd6 10. Bd3 Bc7 11. Nc4 O-O 12. Bg5 Qb8 13. Qe1 exd4 14. e5 Nd5
15. Bxh7+ Kxh7 16. Qh4 Nxe5 17. Qxh5+ Kg8 18. Ncxe5 Bxe5 19. Be7 Bxh2+ 20. Kh1
Bf4 21. Bxf8 Qxf8 22. Nxd4 g6 23. Qh4 Qd6 24. Qg4 Qf6 25. Ne2 Qh8+ 26. Qh3
Qxh3+ 27. gxh3 Be5 28. Rf3 1/2-1/2

[Event "Czech open A"]
[Site "?"]
[Date "2013.07.26"]
[Round "8.60"]
[White "Zwardon, Vojtech"]
[Black "Linster, Philippe"]
[Result "1/2-1/2"]
[ECO "C58"]
[WhiteElo "2391"]
[BlackElo "2253"]
[PlyCount "58"]
[EventDate "2013.??.??"]
[TimeControl "6000+1145"]
[WhiteClock "0:56:17"]
[BlackClock "0:23:56"]

1. e4 e5 2. Nf3 Nc6 3. Bc4 Nf6 4. Ng5 d5 5. exd5 Na5 6. Bb5+ c6 7. dxc6 bxc6 8.
Bd3 Nd5 9. Nf3 Bd6 10. O-O Nf4 11. Re1 Nxd3 12. cxd3 O-O 13. Nxe5 Re8 14. d4 c5
15. Qf3 Bxe5 16. dxe5 Bb7 17. Qg3 Re6 18. f3 Nc6 19. d3 Nxe5 20. Nc3 Nxf3+ 21.
gxf3 Rg6 22. Bg5 Qd4+ 23. Kf1 Qxd3+ 24. Kf2 Rxg5 25. Qxg5 Qxf3+ 26. Kg1 Qh1+
27. Kf2 Qf3+ 28. Kg1 Qh1+ 29. Kf2 Qf3+ 1/2-1/2

[Event "Czech open A"]
[Site "?"]
[Date "2013.07.26"]
[Round "8.61"]
[White "Koykka, Pekka"]
[Black "Nun, Jiri"]
[Result "1/2-1/2"]
[ECO "B12"]
[WhiteElo "2250"]
[BlackElo "2387"]
[PlyCount "105"]
[EventDate "2013.??.??"]
[TimeControl "6000+930"]
[WhiteClock "0:01:54"]
[BlackClock "0:13:23"]

1. e4 c6 2. d4 g6 3. Nc3 d5 4. Nf3 Bg4 5. Bd3 Bg7 6. Be3 e6 7. h3 Bxf3 8. Qxf3
Nd7 9. Ne2 Ne7 10. e5 c5 11. c3 a6 12. g4 Qb6 13. b3 cxd4 14. cxd4 Nc6 15. Rd1
Qa5+ 16. Bd2 Qxa2 17. Bc3 Qa3 18. h4 h6 19. Kf1 Qe7 20. Kg2 Rc8 21. Rc1 Nf8 22.
Nf4 Qd8 23. Bb2 Qb6 24. Rhe1 Rd8 25. Ba1 Rd7 26. Rc5 Rg8 27. b4 Qd8 28. b5 axb5
29. Bxb5 Qxh4 30. Bxc6 bxc6 31. Rxc6 h5 32. gxh5 Bh6 33. Ne2 gxh5+ 34. Ng3 Qd8
35. Qxh5 Bf4 36. Bb2 Qa8 37. Rc3 Ng6 38. Qh7 Rh8 39. Qg7 Bh6 40. Qf6 Rg8 41.
Ra1 Qb8 42. Rca3 Nf4+ 43. Kf3 Bg5 44. Ra8 Rb7 45. Rxb8+ Rxb8 46. Qxf4 Bxf4 47.
Kxf4 Rxg3 48. Kxg3 Rxb2 49. Kf3 Rb3+ 50. Ke2 Kf8 51. Ra7 Kg7 52. Rc7 Kg6 53. f3
1/2-1/2

[Event "Czech open A"]
[Site "?"]
[Date "2013.07.26"]
[Round "8.62"]
[White "Usmanov, Vasily"]
[Black "Mukashev, Assan"]
[Result "1-0"]
[ECO "A00"]
[WhiteElo "2386"]
[BlackElo "2247"]
[PlyCount "75"]
[EventDate "2013.??.??"]
[TimeControl "6000+605"]
[WhiteClock "0:53:21"]
[BlackClock "0:32:11"]

1. g3 g6 2. Bg2 Bg7 3. d4 Nf6 4. e4 d6 5. Nc3 O-O 6. Nge2 e5 7. O-O Nc6 8. Re1
Bg4 9. f3 Bd7 10. Be3 a6 11. a4 Na5 12. d5 b5 13. b3 Qb8 14. Qd2 Rd8 15. Na2
Nb7 16. axb5 axb5 17. Nb4 Na5 18. Qc3 c5 19. dxc6 Rc8 20. Nd5 Nxc6 21. Rxa8
Qxa8 22. Nb6 Qb7 23. Nxc8 Bxc8 24. Qd2 Ne8 25. Nc3 Nd4 26. Rd1 Nc7 27. Ne2 Nce6
28. Nxd4 exd4 29. Bf2 d5 30. exd5 Qxd5 31. f4 Qd7 32. Qa5 Bb7 33. Qa7 Bc6 34.
Qxd7 Bxd7 35. Bh3 f5 36. Bg2 Kf8 37. Bd5 Nc7 38. Bxd4 1-0

[Event "Czech open A"]
[Site "?"]
[Date "2013.07.26"]
[Round "8.63"]
[White "Arngrimsson, Dagur"]
[Black "Golubov, Saveliy"]
[Result "1/2-1/2"]
[ECO "E06"]
[WhiteElo "2384"]
[BlackElo "2242"]
[PlyCount "159"]
[EventDate "2013.??.??"]
[TimeControl "6000+790"]
[WhiteClock "0:44:05"]
[BlackClock "0:16:35"]

1. d4 Nf6 2. c4 e6 3. g3 d5 4. Bg2 Be7 5. Nf3 O-O 6. O-O dxc4 7. Ne5 Nc6 8.
Bxc6 bxc6 9. Nxc6 Qe8 10. Nxe7+ Qxe7 11. Na3 Rd8 12. Nxc4 c5 13. b3 cxd4 14.
Ba3 Qd7 15. Rc1 Qd5 16. Be7 Bb7 17. f3 Rd7 18. Bxf6 gxf6 19. Qd2 Ba6 20. Rfd1
Rc8 21. Nb2 Rdc7 22. Kf2 e5 23. h4 Rxc1 24. Rxc1 Rxc1 25. Qxc1 e4 26. fxe4 Qxe4
27. Nc4 d3 28. exd3 Qxd3 29. Qe3 Bxc4 30. bxc4 Qxc4 31. Qxa7 Qc2+ 32. Kg1 Qd1+
33. Kg2 Qd5+ 34. Kh2 Qd2+ 35. Kh3 Qd3 36. Qb8+ Kg7 37. Qb2 Qd7+ 38. Kh2 Qa4 39.
a3 Qa7 40. Qc1 Qf2+ 41. Kh3 Qf5+ 42. Kg2 Qe4+ 43. Kf2 Qd4+ 44. Qe3 Qb2+ 45. Kg1
Qb1+ 46. Kg2 Qc2+ 47. Qf2 Qa4 48. Qf3 h6 49. Kh3 Qa6 50. a4 Qxa4 51. Qg4+ Qxg4+
52. Kxg4 Kg6 53. h5+ Kh7 54. Kf4 Kg8 55. Kf5 Kg7 56. Kf4 Kf8 57. Ke4 Ke8 58.
Kf5 Ke7 59. g4 Ke8 60. Kxf6 Kf8 61. Kf5 Kg8 62. Ke5 Kg7 63. Kf5 Kg8 64. Ke4 Kg7
65. Ke5 Kg8 66. Kd6 Kf8 67. Kd5 Kg7 68. Ke5 Kg8 69. Kd6 Kf8 70. Kd7 f5 71. gxf5
Kf7 72. Kd6 Kf6 73. Kd5 Kxf5 74. Kd4 Kg5 75. Ke4 Kxh5 76. Kf3 Kg5 77. Kg3 h5
78. Kh3 h4 79. Kh2 h3 80. Kxh3 1/2-1/2

[Event "Czech open A"]
[Site "?"]
[Date "2013.07.26"]
[Round "8.64"]
[White "Nemcova, Katerina"]
[Black "Matsenko, Andrei"]
[Result "0-1"]
[ECO "B18"]
[WhiteElo "2382"]
[BlackElo "2235"]
[PlyCount "78"]
[EventDate "2013.??.??"]
[TimeControl "5400+1055"]
[WhiteClock "0:01:00"]
[BlackClock "0:35:13"]

1. e4 c6 2. d4 d5 3. Nc3 dxe4 4. Nxe4 Bf5 5. Ng3 Bg6 6. h4 h6 7. Nf3 Nf6 8. h5
Bh7 9. Bd3 Bxd3 10. Qxd3 e6 11. Bd2 Be7 12. O-O-O O-O 13. Qe2 c5 14. dxc5 Qd5
15. Kb1 Qxc5 16. Ne4 Nxe4 17. Qxe4 Nc6 18. g4 Rfd8 19. g5 hxg5 20. h6 Qd5 21.
Qe2 Qf5 22. hxg7 f6 23. Rdg1 Rac8 24. Bc3 b5 25. Nxg5 fxg5 26. Rh8+ Kf7 27.
Qh5+ Qg6 28. Qf3+ Qf5 29. Rxd8 Rxd8 30. Qxc6 b4 31. Bxb4 Bxb4 32. Qc7+ Be7 33.
Qxa7 Qg6 34. a4 Qxg7 35. a5 Qd4 36. Qa6 Rb8 37. c3 Qxc3 38. Qe2 Qxa5 39. Qh5+
Kg7 0-1